 Dungeon Crawl Stone Soup version 0.17.0-26-gececa24 (webtiles) character file.

33 Raultor the Changer (level 3, 0/23 HPs)
             Began as an Octopode Transmuter on Nov 19, 2015.
             Slain by a worm (12 damage)
             ... on level 2 of the Dungeon.
             The game lasted 00:01:25 (858 turns).

Raultor the Changer (Octopode Transmuter)            Turns: 858, Time: 00:01:25

Health: 0/23       AC:  1    Str:  9    XL:     3   Next: 29%
Magic:  6/6        EV: 12    Int: 15    God:
Gold:   43         SH:  0    Dex: 13    Spells: 2 memorised, 2 levels left

rFire  . . .     SeeInvis .       - Unarmed
rCold  . . .     Clarity  .     (no shield)
rNeg   . . .     SustAt   .     (helmet restricted)
rPois  .         Gourm    .     (no amulet)
rElec  .         Spirit   .     (no ring)
rCorr  .         Warding  .     (no ring)
rMut   .         Stasis   .     (no ring)
MR     .....                    (no ring)
Stlth  ++........               (no ring)
                                (no ring)
                                (no ring)
                                (no ring)

@: not resistant to hostile enchantments, unstealthy
A: almost no armour, amphibious, 8 rings, constrict 8, camouflage 1, gelatinous
body 1
a: no special abilities


You were on level 2 of the Dungeon.
You were not hungry.

You visited 1 branch of the dungeon, and saw 2 of its levels.

You collected 43 gold pieces.

Inventory:

Missiles
 a - 27 arrows
 i - 17 arrows of dispersal
 k - 14 arrows of flame
 n - 5 stones (quivered)
Scrolls
 d - 2 scrolls of identify {unknown}
 e - 2 scrolls of recharging {unknown}
 f - 2 scrolls of blinking {unknown}
 m - a scroll of remove curse {unknown}
Potions
 g - a potion of heal wounds {unknown}
 l - a potion of curing {unknown}
Books
 b - a book of Changes

   Spells                             Type                      Level
   a - Beastly Appendage              Transmutation                1
   b - Sticks to Snakes               Transmutation                2
   c - Spider Form                    Transmutation/Poison         3
   d - Ice Form                       Ice/Transmutation            4
   e - Blade Hands                    Transmutation                5
Comestibles
 c - a bread ration
 h - a royal jelly
 j - a chunk of flesh
 o - a slice of pizza


   Skills:
 - Level 1.0 Fighting
 - Level 2.0 Dodging
 - Level 3.0 Unarmed Combat
 - Level 2.0 Spellcasting
 + Level 3.6 Transmutations


You had 2 spell levels left.
You knew the following spells:

 Your Spells              Type           Power        Failure   Level  Hunger
a - Beastly Appendage     Trmt           ##....       6%          1    #......
b - Spider Form           Trmt/Pois      #.........   34%         3    ###....


Dungeon Overview and Level Annotations

Branches:
Dungeon (2/15)

Altars:
Dithmenos


Innate Abilities, Weirdness & Mutations

You cannot wear most types of armour.
You are amphibious.
You can wear up to eight rings at the same time.
You can use your tentacles to constrict eight enemies at once.
Your skin changes colour to match your surroundings (Stealth).
Your rubbery body absorbs attacks (AC +1).


Message History

The jackal closely misses you. The jackal bites you.
You tentacle-slap the jackal.
The jackal is severely wounded.
You constrict the jackal. The jackal bites you.
The jackal bites you but does no damage.
You tentacle-slap the jackal but do no damage.
You squeeze the jackal.
You kill the jackal!
The jackal misses you. x2
You closely miss the jackal. Your grab misses the jackal. The jackal bites you.
You closely miss the jackal. Your grab misses the jackal. The jackal bites you.
You closely miss the jackal. Your grab misses the jackal. The jackal bites you.
The jackal closely misses you.
You barely miss the jackal. You grab the jackal. You constrict the jackal.
The jackal bites you.
You tentacle-slap the jackal.
You kill the jackal!
The worm bites you!
Ouch! That really hurt!
You die...

#.# ... ##.## ####
#...###...## ###
#...##.....## ...
#>..#.......#
#.###...#.#._.#.#.
###.........##.##...
............@###..%.
##..........w[...#.
#.###...#......## ..
#.<.####...... #
#...# #.###. #...#
.# ##.## . #.# ##
#..


You could see a worm.

Vanquished Creatures
  2 giant geckos (D:1)
  3 giant cockroaches (D:1)
  4 goblins (D:1)
  5 kobolds (D:1)
  4 bats (D:1)
  2 giant newts (D:1)
  5 jackals
  5 rats (D:1)
30 creatures vanquished.

Notes
Turn   | Place    | Note
--------------------------------------------------------------
     0 | D:1      | Raultor the Octopode Transmuter began the quest for the Orb.
     0 | D:1      | Reached XP level 1. HP: 13/13 MP: 3/3
    73 | D:1      | Reached XP level 2. HP: 5/18 MP: 5/5
   735 | D:1      | Reached XP level 3. HP: 20/23 MP: 6/6
   752 | D:1      | Learned a level 3 spell: Spider Form
   836 | D:2      | Found a shadowy altar of Dithmenos.
   858 | D:2      | Slain by a worm

Action                   || total
-------------------------++-------
Melee: Unarmed           ||    71
 Stab: Sleeping          ||     4
